 Dungeon Crawl Stone Soup version 0.30-a0-949-g53dc5368d7 (webtiles) character file.

Game seed: 2397031725390133391

389 Dirtsage the Slasher (level 6, -15/47 HPs)
             Began as a Demonspawn Fighter on Mar 27, 2023.
             Demolished by an ogre
             ... wielding a +0 giant spiked club
              (18 damage)
             ... on level 4 of the Dungeon.
             The game lasted 00:06:15 (2427 turns).

Dirtsage the Slasher (Demonspawn Fighter)           Turns: 2427, Time: 00:06:16

Health: -15/47     AC:  7    Str: 16    XL:     6   Next: 49%
Magic:  6/6        EV:  8    Int:  9    God:
Gold:   224        SH:  5    Dex: 15    Spells: 5/5 levels left

rFire   . . .      SeeInvis .    a - +0 long sword
rCold   . . .      Faith    .    c - +0 buckler
rNeg    . . .      Spirit   .    b - +0 scale mail
rPois   +          Reflect  .    (helmet restricted)
rElec   .          Rampage  .    (no cloak)
rCorr   .                        (no gloves)
Will    .....                    n - +0 pair of boots Stlth
                                 (no amulet)
HPRegen 0.27/turn                P - ring of poison resistance
MPRegen 0.10/turn                (no ring)

@: studying Air Magic
A: horns 1, powered by pain 2, spiny 1
a: no special abilities


You were on level 4 of the Dungeon.
You visited 1 branch of the dungeon, and saw 4 of its levels.

You collected 224 gold pieces.

Inventory:

Hand Weapons
 a - a +0 long sword (weapon)
Armour
 b - a +0 scale mail (worn)
 c - a +0 buckler (worn)
 j - a +0 helmet
 n - a +0 pair of boots (worn)
Jewellery
 P - a ring of poison resistance (left hand)
Scrolls
 f - 3 scrolls of identify {unknown}
 g - a scroll of poison {unknown}
 h - 3 scrolls of enchant weapon {unknown}
 i - 4 scrolls of fear {unknown}
 k - 2 scrolls of teleportation {unknown}
 l - a scroll of magic mapping {unknown}
 m - a scroll of enchant armour {unknown}
 o - a scroll of amnesia {unknown}
 p - 2 scrolls of brand weapon {unknown}
 q - a scroll of immolation {unknown}
 s - a scroll of noise {unknown}
Potions
 d - a potion of heal wounds {unknown}
 e - 2 potions of curing {unknown}
 r - 2 potions of mutation {unknown}
 t - a potion of ambrosia {unknown}


   Skills:
 - Level 3.0 Fighting
 + Level 6.4 Long Blades
 - Level 2.6 Armour
 - Level 2.6 Shields


You had 5 spell levels left.
You didn't know any spells.
Your spell library contained the following spells:

 Spells                   Type           Power      Damage    Failure   Level
 Sublimation of Blood     Necr           0%         N/A       96%         2
 Wereblood                Tmut           0%         N/A       96%         2
 Ozocubu's Armour         Ice            0%         N/A       99%         3
 Passage of Golubria      Tloc           0%         N/A       100%        4
 Metabolic Englaciation   Hex/Ice        0%         N/A       100%        5
 Silence                  Hex/Air        0%         N/A       100%        5
 Simulacrum               Ice/Necr       0%         N/A       100%        6
 Summon Hydra             Summ           0%         N/A       100%        7
 Lehudib's Crystal Spear  Conj/Erth      0%         10d2      100%        8


Dungeon Overview and Level Annotations

Branches:
Dungeon (4/15)
 Temple: D:4-7

Altars:
Cheibriados

Annotations:
D:4 1 transporter


Innate Abilities, Weirdness & Mutations

You have a pair of small horns on your head.
You sometimes gain power by taking damage.
You are partially covered in sharp spines.


Message History

You take 9 damage, and have 28/41 hp.
MASSIVE DAMAGE!!
The ogre shouts!
You slash Sigmund! Your headbutt misses Sigmund.
Sigmund is heavily wounded.
Sigmund is struck by your spines. Sigmund hits you with a +0 scythe!
You take 10 damage, and have 18/41 hp.
MASSIVE DAMAGE!!
You closely miss Sigmund. You headbutt Sigmund.
Sigmund is severely wounded.
You slash Sigmund!
You kill Sigmund!
Your Long Blades skill increases to level 6!
You have reached level 6!
You regained 4 hp, and now have 22/47 hp.
MP restored: 6
Things that are here:
a +0 scythe; a +0 robe; the human corpse of Sigmund An iguana comes into view.
The iguana hisses angrily.
An endoplasm comes into view.
The endoplasm quivers.
You hit the iguana but do no damage. You headbutt the iguana.
The iguana is lightly wounded.
You block the iguana's attack.
You hit the ogre. You headbutt the ogre.
The ogre is moderately wounded.
You block the ogre's attack. The iguana is struck by your spines.
The iguana completely misses you.
You barely miss the ogre. You headbutt the ogre.
The ogre is heavily wounded.
The iguana barely misses you.
The ogre hits you with a +0 giant spiked club!
* * * LOW HITPOINT WARNING * * *
You take 17 damage, and have 13/47 hp.
MASSIVE DAMAGE!!
You slash the ogre!
The ogre is severely wounded.
The iguana bites you!
* * * LOW HITPOINT WARNING * * *
The ogre is struck by your spines.
The ogre hits you with a +0 giant spiked club!!
You die...

P.#≈ 8P#.
o#~8#.#... ####
#####.....
.............$....#
## ..............#
# ##..............#
##.............J.#
##................#
# .............O@.#
###............l.##
.................#
..#..............#
.##..............#
###.............##
###..........##
###.......##
####..###


You could see an ogre, an iguana, an orc priest and an endoplasm.

Vanquished Creatures
  Sigmund (D:4)
  A scorpion (D:4)
  An orc priest (D:4)
  Jessica (D:3)
  3 adders (D:2)
  A worm (D:3)
  3 dart slugs
  4 orcs (D:4)
  3 endoplasms
  A giant cockroach (D:3)
  9 goblins
  9 hobgoblins
  7 jackals (D:3)
  9 kobolds
  2 quokkas
  6 ball pythons
  4 bats
  3 frilled lizards
  9 rats
77 creatures vanquished.

Notes
Turn   | Place    | Note
-------+----------+-------------------------------------------
     0 | D:1      | Dirtsage the Demonspawn Fighter began the quest for the
                  | Orb.
     0 | D:1      | Reached XP level 1. HP: 18/18 MP: 1/1
   126 | D:1      | Reached skill level 2 in Long Blades
   500 | D:1      | Gained mutation: You sometimes gain a little power by
                  | taking damage. [demonic ancestry]
   500 | D:1      | Reached XP level 2. HP: 24/24 MP: 2/2
   668 | D:1      | Reached skill level 3 in Long Blades
  1061 | D:2      | Gained mutation: You have a pair of small horns on your
                  | head. [demonic ancestry]
  1061 | D:2      | Reached XP level 3. HP: 27/29 MP: 3/3
  1508 | D:2      | Reached skill level 4 in Long Blades
  1508 | D:2      | Gained mutation: You are partially covered in sharp spines.
                  | [demonic ancestry]
  1508 | D:2      | Reached XP level 4. HP: 35/35 MP: 4/4
  1920 | D:3      | Noticed Jessica
  1929 | D:3      | Killed Jessica
  2082 | D:3      | Found a snail-covered altar of Cheibriados.
  2186 | D:4      | Noticed a scorpion
  2194 | D:4      | Killed a scorpion
  2195 | D:4      | Reached skill level 5 in Long Blades
  2195 | D:4      | Gained mutation: You sometimes gain power by taking damage.
                  | [demonic ancestry]
  2195 | D:4      | Reached XP level 5. HP: 38/41 MP: 5/5
  2385 | D:4      | Found a transporter.
  2386 | D:4      | Noticed Sigmund
  2391 | D:4      | Noticed an ogre
  2394 | D:4      | Killed Sigmund
  2395 | D:4      | Reached skill level 6 in Long Blades
  2395 | D:4      | Reached XP level 6. HP: 22/47 MP: 6/6
  2427 | D:4      | Demolished by an ogre

Illustrated notes

Levels and vault maps discovered:
D:1:      dpeg_arrival_castle, layout_loops_corners, minivault_23,
          corexii_corridor_pit, minmay_nonomino_d4
D:2:      layout_loops_ring, minmay_tiny_reverse_x
D:3:      layout_basic, kennysheep_slug_shrine, uniq_jessica
D:4:      gammafunk_wand_slinger, layout_cave_pods, minmay_misc_feat_doors,
          minmay_manual_mess, uniq_sigmund

Skill      XL: |  1  2  3  4  5 |
---------------+----------------+-----
Long Blades    | 2 3 4 5 6 |  6.4
Fighting       | |  3.0
Armour         | |  2.6
Shields        | |  2.6

Action                     |  1- 3 |  4- 6 || total
---------------------------+-------+-------++-------
  Melee: Long sword        |    93 |    63 ||   156
         Headbutt          |     6 |    17 ||    23
    Use: Potion            |       |     1 ||     1
 Armour: Scale mail        |    44 |    21 ||    65
  Dodge: Dodged            |    30 |    19 ||    49
  Block: Buckler           |    16 |    18 ||    34

Table legend: (Time is in decaauts)
 A = Elapsed time spent in this place.
 B = Non-inter-level travel time spent in this place.
 C = Inter-level travel time spent in this place.
 D = Time resting spent in this place.
 E = Time spent auto-exploring this place.
 F = Levels seen in this place.
 G = Mean time per level.
                   A        B        C        D        E       F      G
               +--------+--------+--------+--------+--------+-----+--------+
         Total |   2473 |   2344 |    129 |      0 |   1913 |   4 |  618.2 |
       Dungeon |   2473 |   2344 |    129 |      0 |   1913 |   4 |  618.2 |
               +--------+--------+--------+--------+--------+-----+--------+

Top non-repeatable levels by time:
     D:1: 920 daAuts
     D:2: 696 daAuts
     D:3: 610 daAuts
     D:4: 245 daAuts
